 Dungeon Crawl Stone Soup version 0.14-a0-102-g2341383 (console) character file.

149 Kellhus the Ruinous (level 4, 22/22 HPs)
             Began as a Gargoyle Wizard on Oct 2, 2013.
             Quit the game on Level 2 of the Dungeon.
             The game lasted 00:01:55 (1477 turns).

Kellhus the Ruinous (Gargoyle Wizard)               Turns: 1477, Time: 00:01:56

HP  22/22        AC  6     Str 11      XL: 4   Next: 13%
MP   6/11        EV 11     Int 19      God:
Gold 84          SH  0     Dex  8      Spells:  1 memorised,  8 levels left

Res.Fire  : . . .   See Invis. : .   (no weapon)
Res.Cold  : . . .   Warding    : .   a - +0 robe
Life Prot.: + . .   Conserve   : .   (no shield)
Res.Poison: +       Res.Corr.  : .   b - +0 wizard hat
Res.Elec. : +       Clarity    : .   (no cloak)
Sust.Abil.: . .     Spirit.Shd : .   i - +0 pair of gauntlets (curse)
Res.Mut.  : .       Stasis     : .   (no boots)
Res.Rott. : +       Flight     : .   (no amulet)
Saprovore : . . .                    (no ring)
                                     (no ring)

@: slightly resistant to hostile enchantments, unstealthy
A: fangs 1, talons 2, life protection 1, electricity resistance, slow metabolism
1, unbreathing, petrification resistance, AC +3
a: no special abilities


You were on level 2 of the Dungeon.
You were not hungry.

You visited 1 branch of the dungeon, and saw 2 of its levels.

You collected 64 gold pieces.

Inventory:

Armour
 a - a +0 robe (worn)
 b - a +0 wizard hat (worn)
 i - a cursed +0 pair of gauntlets (worn)
Comestibles
 d - a bread ration
 o - a meat ration
 q - a chunk of adder flesh
Scrolls
 f - 3 scrolls of identify {unknown}
 j - 2 scrolls of curse armour {unknown}
 k - a scroll of magic mapping {unknown}
 l - a scroll of teleportation {unknown}
 m - a scroll of enchant weapon I {unknown}
 n - a scroll of amnesia {unknown}
 p - a scroll of enchant weapon II {unknown}
Potions
 e - a potion of mutation {unknown}
 g - 3 potions of curing {unknown}
 h - a potion of cure mutation {unknown}
Books
 c - a book of Minor Magic

   Spells                             Type                      Level
   *Magic Dart                        Conjuration                  1
   Blink                              Translocation                2
   Call Imp                           Summoning                    2
   Repel Missiles                     Charms/Air                   2
   Slow                               Hexes                        2
   Conjure Flame                      Conjuration/Fire             3
   Mephitic Cloud                     Conjuration/Poison/Air       3


   Skills:
 - Level 1.5 Dodging
 - Level 2.1 Stealth
 - Level 3.0 Spellcasting
 + Level 4.2 Conjurations
   Level 0.8 Summonings
   Level 0.8 Translocations


You had 8 spell levels left.
You knew the following spells:

 Your Spells              Type           Power        Failure   Level  Hunger
a - Magic Dart            Conj           ###.         3%          1    None


Dungeon Overview and Level Annotations

Branches:
Dungeon (2/27)

Altars:

Annotations:
D:2 Sigmund


Innate Abilities, Weirdness & Mutations

You are resistant to torment.
You are immune to poison.
Your stone body is very resilient (AC +3).
You have very sharp teeth.
You have razor-sharp toenails.
You resist negative energy.
You are resistant to electric shocks.
You have a slow metabolism.
You can survive without breathing.
You are immune to petrification.


Message History

Press: ? - help, Shift-Dir - straight line, f/p - gnoll
Aim: a gnoll, wielding a whip (heavily wounded)
The magic dart hits the gnoll.
The gnoll is heavily wounded.
Casting: Magic Dart
Confirm with . or Enter, or press ? or * to list all spells.
Aiming: Magic Dart
Press: ? - help, Shift-Dir - straight line, f/p - gnoll
Aim: a gnoll, wielding a whip (heavily wounded)
The magic dart hits the gnoll.
The gnoll is almost dead.
Casting: Magic Dart
Confirm with . or Enter, or press ? or * to list all spells.
Aiming: Magic Dart
Press: ? - help, Shift-Dir - straight line, f/p - gnoll
Aim: a gnoll, wielding a whip (almost dead)
The magic dart hits the gnoll.
You kill the gnoll!
You have reached level 4!
You feel stronger.
Are you sure you want to abandon this character and quit the game? (Confirm with "yes".)

######################
#.....................
##.######..........####
#.)...# #.########.# #..##.#
#.##.....#.# #..##.#
#.##.###.#.#
#.#####..##.###.##.#...#.####
.............@...%....[......[
#.#####..##.###.##.###.#.####
#.####.g.##)# #.#........#
#.......###.# #.######.######
#.#####g..###.# #...# #.#...gg
#.#...........#.# ###.#
#.#.#### ........<...#.#.# #.#
#.#.# # #.########.##.#.# #.#
#.#.#### ..# #.# #.####+#g...#


There were no monsters in sight!

Vanquished Creatures
  An adder (D:2)
  3 gnolls (D:2)
  3 giant geckos
  4 bats
  2 goblins (D:1)
  4 hobgoblins
  5 kobolds
  A ball python (D:1)
  2 rats
25 creatures vanquished.

Notes
Turn   | Place    | Note
--------------------------------------------------------------
     0 | D:1      | Kellhus, the Gargoyle Wizard, began the quest for the Orb.
     0 | D:1      | Reached XP level 1. HP: 8/8 MP: 5/5
   143 | D:1      | Reached XP level 2. HP: 13/13 MP: 1/7
   876 | D:2      | Reached XP level 3. HP: 17/17 MP: 2/9
  1263 | D:2      | Reached skill level 4 in Conjurations
  1436 | D:2      | Noticed Sigmund
  1476 | D:2      | Reached XP level 4. HP: 22/22 MP: 6/11
  1477 | D:2      | Quit the game

Action                   |  1- 3 |  4- 6 || total
-------------------------+-------+-------++-------
Melee: Unarmed           |    11 |       ||    11
 Cast: Magic Dart        |    63 |     1 ||    64
